 Dungeon Crawl Stone Soup version 0.17-a0-1793-gcbb3aa1 (webtiles) character file.

4284 Oddball22 the Magician (level 10, -1/71 HPs)
             Began as a Demonspawn Venom Mage on Sept 10, 2015.
             Was a Believer of Sif Muna.
             Killed from afar by Harold (33 damage)
             ... with a bolt of fire
             ... on level 1 of the Orcish Mines.
             The game lasted 00:56:31 (11476 turns).

Oddball22 the Magician (Demonspawn Venom Mage)     Turns: 11476, Time: 00:56:33

Health: -1/71      AC: 11    Str:  8    XL:     10   Next: 10%
Magic:  10/21      EV: 14    Int: 17    God:    Sif Muna [**....]
Gold:   575        SH:  0    Dex: 17    Spells: 7 memorised, 2 levels left

rFire  . . .     SeeInvis +     B - +7 morningstar of Contention {venom, rElec SInv Stlth+}
rCold  + + .     Clarity  .     J - +1 robe {rC+}
rNeg   + . .     SustAt   .     (no shield)
rPois  .         Gourm    .     d - +2 hat
rElec  +         Spirit   .     (no cloak)
rCorr  .         Warding  .     (no gloves)
rMut   .         Stasis   .     M - +1 pair of boots
MR     .....                    a - amulet of regeneration
Stlth  +++.......               V - ring of wizardry
                                A - ring of positive energy

@: not resistant to hostile enchantments, fairly stealthy
A: antennae 2, iridescent scales 1, cold resistance 1, demonic guardian 1
a: Channel Energy, Forget Spell, Renounce Religion


You were on level 1 of the Orcish Mines.
You worshipped Sif Muna.
Sif Muna was pleased with you.
You were not hungry.

You visited 3 branches of the dungeon, and saw 12 of its levels.

You collected 575 gold pieces.

Inventory:

Hand weapons
 i - the +8 falchion "Killer Klown's Foe" {slice, rPois rC+ Str+3 Stlth+}
   (You found it on level 6 of the Dungeon)

   It inflicts extra damage upon your enemies.
   It affects your strength (+3).
   It protects you from cold.
   It protects you from poison.
   It makes you more stealthy.
 B - the +7 morningstar of Contention (weapon) {venom, rElec SInv Stlth+}
   (You found it on level 4 of the Dungeon)

   It poisons the flesh of those it strikes.
   It insulates you from electricity.
   It lets you see invisible.
   It makes you more stealthy.
Armour
 d - a +2 hat (worn)
 J - a +1 robe of cold resistance (worn)
 M - a +1 pair of boots (worn)
Jewellery
 a - an amulet of regeneration (around neck)
 A - a ring of positive energy (left hand)
 I - an uncursed amulet of warding
 L - an uncursed ring of protection from fire
 O - an uncursed ring of protection from fire
 V - a ring of wizardry (right hand)
Magical devices
 T - a wand of paralysis (6)
 X - a wand of fire (0)
Scrolls
 f - a scroll of fear
 g - a scroll of teleportation
 j - a scroll of enchant weapon
 l - a scroll of blinking {unknown}
 o - 2 scrolls of remove curse
 u - a scroll of noise {unknown}
 v - a scroll of holy word {unknown}
 y - 2 scrolls of amnesia
 z - a scroll of recharging {unknown}
 D - a scroll of fog {unknown}
 F - 4 scrolls of enchant armour
 G - 2 scrolls of identify
Potions
 e - 2 potions of cancellation {unknown}
 k - 3 potions of lignification {unknown}
 m - 2 potions of beneficial mutation {unknown}
 n - a potion of might {unknown}
 r - 4 potions of haste {unknown}
 s - 3 potions of brilliance {unknown}
 t - a potion of invisibility {unknown}
 w - 3 potions of heal wounds {unknown}
 C - a potion of poison {unknown}
 N - a potion of agility {unknown}
 P - a potion of berserk rage
 Q - a potion of cure mutation {unknown}
 W - 3 potions of curing {unknown}
Books
 b - a Young Poisoner's Handbook

   Spells                             Type                      Level
   a - Sting                          Conjuration/Poison           1
   b - Cure Poison                    Poison                       2
   c - Mephitic Cloud                 Conjuration/Poison/Air       3
   d - Olgreb's Toxic Radiance        Poison                       4
   e - Venom Bolt                     Conjuration/Poison           5
 q - a book of the Sky

   Spells                             Type                      Level
   a - Summon Lightning Spire         Summoning/Air                4
   b - Airstrike                      Air                          4
   c - Silence                        Hexes/Air                    5
   d - Deflect Missiles               Charms/Air                   6
   e - Conjure Ball Lightning         Conjuration/Air              6
   f - Tornado                        Air                          9
 x - a book of Alchemy

   Spells                             Type                      Level
   a - Sublimation of Blood           Necromancy                   2
   b - Ignite Poison                  Fire/Transmutation/Poison    3
   c - Alistair's Intoxication        Transmutation/Poison         4
   d - Condensation Shield            Ice                          4
   e - Petrify                        Transmutation/Earth          4
   f - Irradiate                      Conjuration/Transmutation    5
Miscellaneous
 H - a fan of gales
Comestibles
 c - 11 bread rations
 h - 4 fruits
 E - a meat ration
 K - a royal jelly
 R - 9 chunks of flesh
 S - a slice of pizza
 U - 2 beef jerkies


   Skills:
 + Level 4.0 Fighting
 + Level 3.3 Dodging
 - Level 1.7 Stealth
 - Level 7.6 Spellcasting
 + Level 5.6 Conjurations
 - Level 4.2 Transmutations
 - Level 5.0 Fire Magic
 * Level 7.0 Poison Magic


You had 2 spell levels left.
You knew the following spells:

 Your Spells              Type           Power        Failure   Level  Hunger
a - Sting                 Conj/Pois      ####         1%          1    None
b - Cure Poison           Pois           ####......   1%          2    None
c - Mephitic Cloud        Conj/Pois/Air  ###.....     3%          3    ##.....
d - Ignite Poison         Fire/Trmt/Pois ####....     1%          3    ##.....
e - Olgreb's Toxic Radia  Pois           ####....     4%          4    ####...
f - Alistair's Intoxicat  Trmt/Pois      ####....     4%          4    ####...
g - Venom Bolt            Conj/Pois      ####......   10%         5    #####..


Dungeon Overview and Level Annotations

Branches:
Dungeon (10/15)            Temple (1/1) D:7             Orc (1/4) D:9
   Lair: D:8-11

Altars:
Ashenzari
Fedhas
Gozag
Makhleb
Nemelex Xobeh
Okawaru
Ru
Sif Muna
Trog
Vehumet
Xom
Yredelemnul
Zin
The Shining One

Shops:
D:4 ?

Annotations:
Orc:1 Harold


Innate Abilities, Weirdness & Mutations

You have a pair of antennae on your head.
You are partially covered in iridescent scales (AC +4).
Your flesh is cold resistant.
A weak demonic guardian rushes to your aid.


Message History

You ignite the poison in your surroundings!
Harold seems to burn from within!
Harold is heavily wounded.
Harold is engulfed in roaring flames.
Casting: Ignite Poison
Confirm with . or Enter, or press ? or * to list all spells.
Aiming: Sting
Press: ? - help, Shift-Dir - straight line, f - Harold
Aim: Harold, wielding an enchanted battleaxe and wearing a glowing ring mail (flame, heavily wounded)
The sting hits Harold.
Harold is poisoned.
Harold is severely wounded.
Harold is engulfed in roaring flames.
Casting: Sting
Confirm with . or Enter, or press ? or * to list all spells.
You ignite the poison in your surroundings!
Harold seems to burn from within!
Harold is almost dead.
Harold points at you and mumbles some strange words.
The bolt of fire hits you!
You die...

## ## ## ### .#.###.##.
##.### ............
####....##
..........#.##.#..§§§<###
...>....[.##....@@§§.#..##
. ........).).....§.#....#
#.##......).............##
..#....................##
...(..............#.####
#...).........#####
..#.#(.....#..###
....(#)....####
..#.......#.#


You could see Harold.

Vanquished Creatures
  A troll (D:9)
  A two-headed ogre (D:8)
  A spriggan (D:7)
  3 sky beasts
  An eye of draining (D:9)
  An orc warrior (D:9)
  A centaur (D:8)
  2 ice beasts
  5 ogres
  5 giant frogs
  A gnoll sergeant (D:5)
  A wyvern zombie (D:9)
  A scorpion (D:6)
  A water moccasin skeleton (D:9)
  A giant frog zombie (D:7)
  An electric eel (D:9)
  3 crimson imps
  A centaur zombie (D:6)
  2 centaur skeletons
  4 hounds
  2 jellies
  An orc priest (D:5)
  6 gnoll shamans (D:5)
  6 orc wizards
  7 worker ants
  5 iguanas
  A hound zombie (D:5)
  2 river rats (D:6)
  34 gnolls
  18 adders
  An ooze (D:6)
  4 adder skeletons
  An adder zombie (D:7)
  A worm (D:2)
  10 giant geckos
  32 orcs
  12 bats
  3 giant cockroaches
  10 hobgoblins
  4 ball pythons
  A giant gecko skeleton (D:4)
  8 giant newts
  17 goblins
  31 jackals
  14 kobolds
  5 quokkas
  A quokka zombie (D:5)
  13 rats
287 creatures vanquished.

Vanquished Creatures (collateral kills)
  A hippogriff (D:8)
  A hungry ghost (D:8)
  A big kobold (D:9)
  A scorpion (D:8)
  A giant frog zombie (D:5)
  An orc wizard (D:5)
  An orc (Orc:1)
7 creatures vanquished.

Vanquished Creatures (others)
  An orc (Orc:1)
1 creature vanquished.

Grand Total: 295 creatures vanquished

Notes
Turn   | Place    | Note
--------------------------------------------------------------
     0 | D:1      | Oddball22 the Demonspawn Venom Mage began the quest for the Orb.
     0 | D:1      | Reached XP level 1. HP: 13/13 MP: 3/3
   292 | D:1      | Reached skill level 1 in Fighting
   312 | D:1      | Gained mutation: You are partially covered in iridescent scales (AC +4). [demonic ancestry]
   312 | D:1      | Reached XP level 2. HP: 11/21 MP: 0/5
  1180 | D:1      | Gained mutation: You have a pair of small antennae on your head. [demonic ancestry]
  1180 | D:1      | Reached XP level 3. HP: 18/27 MP: 0/7
  1239 | D:1      | Learned a level 2 spell: Cure Poison
  1243 | D:1      | Learned a level 3 spell: Mephitic Cloud
  1883 | D:2      | Reached XP level 4. HP: 34/34 MP: 2/8
  3003 | D:3      | Found a basalt altar of Yredelemnul.
  3026 | D:3      | Gained mutation: You have a pair of antennae on your head. [demonic ancestry]
  3026 | D:3      | Reached XP level 5. HP: 37/41 MP: 5/9
  4100 | D:3      | Learned a level 3 spell: Ignite Poison
  4203 | D:4      | Got an iridescent morningstar
  4205 | D:4      | Identified the +7 morningstar of Contention {venom, rElec SInv Stlth+} (You found it on level 4 of the Dungeon)
  4216 | D:4      | Found Qalomov's Magic Scroll Boutique.
  4250 | D:4      | Gained mutation: Your flesh is cold resistant. [demonic ancestry]
  4250 | D:4      | Reached XP level 6. HP: 48/48 MP: 11/11
  4540 | D:4      | Learned a level 4 spell: Olgreb's Toxic Radiance
  4887 | D:4      | Noticed an ogre
  4894 | D:4      | Killed an ogre
  5006 | D:4      | Reached skill level 5 in Spellcasting
  5074 | D:4      | Gained mutation: A weak demonic guardian rushes to your aid. [demonic ancestry]
  5074 | D:4      | Reached XP level 7. HP: 43/53 MP: 5/15
  5449 | D:4      | Learned a level 4 spell: Alistair's Intoxication
  5480 | D:5      | Entered Level 5 of the Dungeon
  5681 | D:5      | Reached skill level 6 in Spellcasting
  5830 | D:5      | Found an opulent altar of Gozag.
  5931 | D:5      | Found a sacrificial altar of Ru.
  5952 | D:5      | Reached skill level 7 in Spellcasting
  6530 | D:5      | Reached XP level 8. HP: 56/60 MP: 19/19
  6803 | D:5      | Learned a level 5 spell: Venom Bolt
  7208 | D:5      | Reached skill level 1 in Conjurations
  7277 | D:5      | Reached skill level 1 in Transmutations
  7433 | D:5      | Reached skill level 1 in Fire Magic
  7829 | D:5      | Reached skill level 5 in Poison Magic
  7960 | D:6      | Got an ancient falchion
  8184 | D:6      | Identified the +8 falchion "Killer Klown's Foe" {slice, rPois rC+ Str+3 Stlth+} (You found it on level 6 of the Dungeon)
  8387 | D:6      | Reached XP level 9. HP: 65/65 MP: 6/20
  8832 | D:7      | Found a staircase to the Ecumenical Temple.
  8837 | Temple   | Entered the Ecumenical Temple
  8846 | Temple   | Became a worshipper of Sif Muna the Loreminder
  9044 | D:7      | Found a shattered altar of Ashenzari.
  9107 | D:7      | Reached skill level 5 in Conjurations
  9674 | D:7      | Found a bloodstained altar of Trog.
  9675 | D:7      | Found an iron altar of Okawaru.
  9766 | D:8      | Acquired Sif Muna's first power
 10272 | D:9      | Found a shimmering altar of Xom.
 10412 | D:9      | Found a staircase to the Orcish Mines.
 10421 | D:9      | Acquired Sif Muna's second power
 10421 | D:9      | Reached skill level 5 in Fire Magic
 10700 | D:9      | Reached XP level 10. HP: 61/71 MP: 17/21
 11124 | D:10     | Entered Level 10 of the Dungeon
 11359 | Orc:1    | Entered Level 1 of the Orcish Mines
 11386 | Orc:1    | Noticed Harold
 11476 | Orc:1    | Killed from afar by Harold

Vault maps used:
D:1:      sevenhm_arrival_forest_fort_small_3, kennysheep_decorative_pillar
D:2:      first_bread, minmay_misc_feat_cross
D:3:      lemuel_crystal_altar
D:4:      serial_shops, shop, minmay_lizard_king
D:5:      lemuel_castle_with_subvaults, nicolae_ru_sacrificial_ziggurat,
          lemuel_doored_altar
D:6:      portal_sewer_entry_b, serial_curves, eino_curves_02, eino_curves_02,
          eino_curves_02, eino_curves_01, minivault_1, st_stairs_3
D:7:      grunt_temple_overflow_bloody_war, lemuel_round_altar,
          minmay_temple_entry_glassed_door, the_bakery
D:9:      lemuel_round_altar, orc_0_dummy, kennysheep_pointless_box
D:10:     evilmike_butchery
Temple:   circular_temple_12
Orc:1:    uniq_harold, uniq_maurice

Action                   |  1- 3 |  4- 6 |  7- 9 | 10-12 || total
-------------------------+-------+-------+-------+-------++-------
Melee: Short sword       |    86 |    18 |       |       ||   104
       Dagger            |     4 |    52 |       |       ||    56
       Unarmed           |     1 |       |       |       ||     1
       Morningstar       |       |    40 |   200 |    20 ||   260
       Falchion          |       |       |    83 |       ||    83
       Spear             |       |       |     5 |       ||     5
 Cast: Sting             |    73 |   159 |   197 |    31 ||   460
       Cure Poison       |       |     1 |     2 |       ||     3
       Mephitic Cloud    |       |     5 |     2 |     2 ||     9
       Ignite Poison     |       |     4 |    19 |     6 ||    29
Evoke: Wand              |       |       |       |     2 ||     2
  Use: Scroll            |     2 |     3 |     7 |     5 ||    17
 Stab: Sleeping          |     4 |       |     3 |       ||     7
       Distracted        |       |       |     1 |       ||     1
  Eat: Chunk             |     4 |    11 |    23 |     3 ||    41
       Beef jerky        |       |       |     1 |       ||     1
